Map: Cerulean Fall LE

Players

liquidthermy (uThermal)

  • Race: Terran Terran
  • League: Master
  • Spawn Location: 7:00

Special - Winner!

  • Race: Terran Terran
  • League: Master
  • Spawn Location: 1:00

Event: IEM Season 13 - Katowice Server Qualifiers Europe

VOD

Have the link to the VOD?

Description

Time

  • Played on: Jan. 8, 2019, 11:07 a.m.
  • Length: 8:10

All games in this series

Show
View Real Time Build Order
Export as new Build Order

liquidthermy Terran 

Build Orders: Gas First Reaper Expand 

Get SALT Encoding   

  12  0:01  SCV  
  13  0:13  SCV  
  14  0:17  Supply Depot  
  14  0:25  SCV  
  14  0:28  Refinery  
  15  0:39  SCV  
  16  0:44  Barracks  
  16  0:51  SCV  
  17  1:03  SCV  
  18  1:15  SCV  
  19  1:31  Reaper  
  19  1:32  Orbital Command  
  20  1:47  Command Center  
  20  1:57  SCV  
  21  2:02  Factory  
  21  2:05  Barracks Reactor  
  21  2:09  SCV  
  21  2:14  Supply Depot  
  22  2:20  Refinery  
  22  2:22  SCV  
  23  2:35  SCV  
  24  2:47  Starport  
  24  2:48  SCV  
  26  2:51  Hellion x2  
  26  2:53  Barracks Tech Lab  
  28  3:00  Orbital Command  
  28  3:04  SCV  
  29  3:14  Hellion  
  29  3:16  Hellion  
  29  3:18  SCV  
  34  3:26  SCV  
  35  3:33  Raven  
  37  3:34  SCV  
  37  3:38  SCV  
  39  3:41  Supply Depot  
  39  3:42  Marine x2  
  39  3:44  Factory Tech Lab  
  39  3:46  SCV  
  42  3:50  Refinery, SCV  
  43  3:58  SCV  
  43  4:00  Marine x2  
  43  4:02  SCV  
  45  4:06  Siege Tank  
  48  4:10  SCV  
  48  4:12  Supply Depot  
  48  4:15  SCV  
  50  4:22  SCV  
  51  4:27  SCV  
  51  4:28  Viking  
  51  4:29  Supply Depot  
  54  4:34  Marine, Viking  
  54  4:38  SCV, Siege Tank  
  58  4:44  SCV, Supply Depot  
  62  4:51  Marine  
  63  4:54  SCV  
  63  4:59  SCV  
  65  5:01  Viking  
  65  5:04  Viking  
  69  5:07  Supply Depot  
  69  5:09  Marine  
  69  5:11  Refinery  
  69  5:12  Siege Tank  
  73  5:17  SCV  
  73  5:18  SCV  
  73  5:21  Supply Depot  
  75  5:22  Stimpack  
  75  5:27  Marine  
  76  5:33  Viking  
  78  5:38  Viking  
  80  5:46  Command Center  
  80  5:48  SCV  
  81  5:52  SCV  
  81  5:56  Siege Tank  
  84  5:58  Marine  
  84  6:01  SCV  
  84  6:04  SCV  
  85  6:15  SCV  
  85  6:17  Marine  
  70  6:19  SCV  
  70  6:22  Viking x2  
  75  6:28  Siege Tank  
  75  6:31  Engineering Bay  
  75  6:32  SCV  
  79  6:33  SCV  
  79  6:35  Engineering Bay  
  79  6:38  Marine  
  81  6:44  SCV  
  81  6:46  SCV  
  83  6:52  Viking x2  
  87  6:56  SCV  
  87  7:00  Siege Tank  
  91  7:03  Marine  
  92  7:12  Barracks  
  92  7:14  Barracks x2  
  92  7:16  Barracks  
  92  7:18  Orbital Command  
  92  7:22  SCV  
  93  7:26  Viking  
  93  7:28  SCV  
  96  7:31  Viking  
  96  7:32  Marine  
  96  7:34  SCV  
  96  7:36  Siege Tank  
  103  7:42  SCV  
  104  7:46  SCV  
  104  7:50  SCV  
  94  7:54  SCV  
  94  7:58  SCV  
Show
View Real Time Build Order
Export as new Build Order

Special Terran - Winner!

Build Orders: Reaper Expand 

Get SALT Encoding   

  12  0:01  SCV  
  13  0:13  SCV  
  14  0:18  Supply Depot  
  14  0:25  SCV  
  15  0:40  SCV  
  15  0:42  Barracks  
  16  0:44  Refinery  
  16  0:52  SCV  
  18  1:04  SCV  
  18  1:16  SCV  
  19  1:29  Reaper  
  19  1:30  Orbital Command  
  20  1:44  Command Center  
  20  1:56  SCV  
  20  1:59  Supply Depot  
  20  2:01  Marine  
  21  2:08  Factory  
  22  2:12  SCV  
  23  2:17  Refinery  
  23  2:23  Barracks Reactor  
  23  2:24  SCV  
  24  2:36  SCV  
  25  2:48  SCV  
  26  2:52  Hellion  
  26  2:53  Starport  
  26  2:56  Orbital Command  
  28  2:59  Marine x2  
  28  3:00  SCV  
  31  3:13  SCV  
  31  3:14  Factory Tech Lab  
  31  3:17  Marine x2  
  34  3:22  SCV  
  34  3:25  SCV  
  36  3:29  Refinery  
  36  3:33  Supply Depot  
  36  3:35  Marine x2  
  36  3:36  SCV  
  36  3:37  SCV  
  36  3:40  Raven  
  42  3:43  Factory Tech Lab  
  42  3:48  SCV  
  42  3:50  SCV  
  42  3:51  Supply Depot  
  42  3:52  Marine  
  42  3:55  Marine  
  46  4:02  SCV  
  49  4:10  SCV  
  49  4:14  SCV, Siege Tank  
  49  4:15  Marine x2  
  53  4:22  Supply Depot  
  53  4:23  SCV  
  54  4:24  Raven  
  54  4:26  SCV  
  57  4:33  Marine x2  
  57  4:35  SCV  
  57  4:38  SCV  
  61  4:47  Command Center  
  61  4:50  Siege Tank  
  61  4:51  SCV x2  
  66  5:02  Refinery  
  66  5:03  SCV x2  
  67  5:15  Marine, SCV x2  
  67  5:18  Viking  
  70  5:23  Supply Depot  
  70  5:24  Viking, Siege Tank  
  70  5:27  SCV x2  
  77  5:31  Stimpack  
  77  5:36  Marine  
  78  5:44  SCV x2  
  78  5:46  Supply Depot  
  78  5:48  Viking  
  82  5:54  Marine, Viking  
  82  5:56  SCV  
  86  5:59  Orbital Command  
  86  6:01  SCV  
  87  6:06  Siege Tank  
  85  6:15  Marine  
  85  6:17  SCV, Orbital Command  
  86  6:18  Viking  
  86  6:24  Viking  
  90  6:28  Barracks  
  90  6:30  Barracks  
  90  6:32  SCV x2  
  92  6:33  Marine  
  92  6:38  Siege Tank  
  92  6:39  Engineering Bay  
  96  6:41  Engineering Bay  
  96  6:43  SCV  
  96  6:44  SCV x2  
  99  6:50  Supply Depot  
  99  6:51  Marine  
  99  6:53  Supply Depot  
  100  6:55  SCV  
  100  6:56  Viking x2, SCV x2  
  107  7:06  Barracks  
  107  7:07  Barracks, SCV  
  107  7:08  SCV  
  109  7:12  Marine, SCV  
  109  7:13  Supply Depot x2  
  111  7:19  SCV  
  111  7:21  Missile Turret  
  111  7:22  SCV  
  112  7:25  SCV  
  112  7:28  Refinery x2, Sensor Tower  
  113  7:30  Barracks Reactor x2  
  113  7:31  SCV  
  113  7:32  Viking  
  113  7:36  Viking  
  116  7:38  Marine  

Tags
 
Add a new tag
Caveats
  • Supply blocks, unpowered buildings, or Contaminate may cause inaccurate times.
  • Supply counts are checked every 10 seconds.